 Dungeon Crawl Stone Soup version 0.29.1-12-g30fa7ad0bf (webtiles) character file.

Game seed: 16450919684726392318

231 H0rd4k the Insei (level 6, 0/61 HPs)
             Began as an Octopode Artificer on Dec 21, 2022.
             Was an Initiate of Gozag.
             Succumbed to an adder's poison
             ... on level 3 of the Dungeon.
             The game lasted 00:02:21 (2725 turns).

H0rd4k the Insei (Octopode Artificer)               Turns: 2725, Time: 00:02:21

Health: 0/61       AC:  5    Str: 10    XL:     6   Next: 4%
Magic:  9/9        EV: 13    Int: 14    God:    Gozag
Gold:   135        SH:  0    Dex: 17    Spells: 10/10 levels left

rFire   + . .      SeeInvis +     - Unarmed
rCold   x . .      Faith    .   (no shield)
rNeg    . . .      Spirit   .   (helmet restricted)
rPois   .          Reflect  .   o - amulet of magic regeneration
rElec   .          Harm     .   a - ring of fire
rCorr   .          Rampage  .   f - ring of see invisible
Will    .....                   (no ring)
Stlth   ..........              (no ring)
HPRegen 0.20/turn               (no ring)
MPRegen 0.51/turn               (no ring)
                                (no ring)
                                (no ring)

@: berserking (expiring), lethally poisoned (0 -> -1), gold aura, very quick
A: almost no armour, amphibious, 8 rings, camouflage 1, gelatinous body 1,
(nimble swimmer 1), tentacles, fangs 1, iridescent scales 2, agile 1
a: Renounce Religion, Potion Petition, Call Merchant, Bribe Branch


You were on level 3 of the Dungeon.
You worshipped Gozag.
Gozag was aware of your devotion.
You visited 1 branch of the dungeon, and saw 3 of its levels.

You collected 150 gold pieces.
You paid 15 gold pieces to Gozag.

Inventory:

Missiles
 j - 6 poisoned darts
Jewellery
 a - a ring of fire (left tentacle)
 f - a ring of see invisible (right tentacle)
 o - an amulet of magic regeneration (around mantle)
Wands
 b - a wand of flame (1) (quivered)
 c - a wand of charming (14)
 d - a wand of iceblast (3)
 t - a wand of mindburst (20)
Scrolls
 h - 5 scrolls of identify {unknown}
 m - a scroll of vulnerability {unknown}
 n - 2 scrolls of immolation {unknown}
 q - a scroll of silence {unknown}
 r - a scroll of blinking {unknown}
 s - a scroll of enchant weapon {unknown}
Potions
 g - a potion of mutation
 i - a potion of brilliance {unknown}
 k - a potion of invisibility {unknown}
 l - a potion of attraction {unknown}
 p - a potion of might {unknown}
 u - a potion of magic {unknown}
 v - a potion of lignification {unknown}


   Skills:
 * Level 2.9 Fighting
 - Level 2.3 Dodging
 - Level 1.3 Stealth
 + Level 3.6 Unarmed Combat
 * Level 2.6 Spellcasting
 - Level 3.2 Evocations


You had 10 spell levels left.
You didn't know any spells.
Your spell library was empty.

Dungeon Overview and Level Annotations

Branches:
Dungeon (3/15)

Altars:
Gozag
Kikubaaqudgha
Zin

Shops:
D:3 ?


Innate Abilities, Weirdness & Mutations

You cannot wear most types of armour.
You are amphibious.
You can wear up to eight rings at the same time.
Your skin changes colour to match your surroundings (Stealth+).
Your rubbery body absorbs attacks. (AC +1, EV +1)
((You are camouflaged when in or above water. (Stealth+)))
You have tentacles for arms and can constrict up to eight enemies at once.
You have very sharp teeth.
You are mostly covered in iridescent scales. (AC +4)
You are agile. (Dex +4, Str/Int -1)


Message History

You feel sick. The adder misses you.
You closely miss the adder. Your grab misses the adder.
The adder is severely wounded.
You feel sick. The adder misses you.
The orc priest invokes the aid of Beogh against you.
Beogh smites you!
* * * LOW HITPOINT WARNING * * *
Unknown command.
Aiming: Charm
Press: ? - help, Shift-Dir - straight line, f - adder
Aim: an adder (severely wounded, chance to affect: 66%)
The adder is charmed.
* * * LOW HITPOINT WARNING * * *
You feel sick.
The orc priest hits your adder with a +0 club.
It was a potion of mutation.
You feel extremely strange.
Iridescent scales grow over part of your body.
Iridescent scales spread over more of your body.
Your teeth lengthen and sharpen.
You feel agile.
* * * LOW HITPOINT WARNING * * *
You feel sick.
Your adder barely misses the orc priest.
Your adder bites the orc priest.
The orc priest hits your adder with a +0 club!
Your adder dies!
It was a potion of berserk rage.
A red film seems to cover your vision as you go berserk!
You feel yourself moving faster!
You feel mighty!
* * * LOW HITPOINT WARNING * * *
You feel sick.
The orc priest casts a cantrip, but nothing happens.
You are too berserk!
You feel a strong urge to attack something.
* * * LOW HITPOINT WARNING * * *
You feel sick.
Items here: $ ) [[.
You tentacle-slap the orc priest. Your grab misses the orc priest.
The orc priest is almost dead.
You die...
Your body crumbles into a pile of gold.

''###### ..........#
...'...# ..........#
PP.'._.# ..........#
...'...# ..........#
''###### ..........#
.....# .......o..####
.##..### .............#
..#....###########......#
..#..#..........@o......+
..#.........######......#
.##.........# #......#
..+.........# #......#
###.........# ###b.....#
#.........# #....S...#
####....######..).....#
##.................#
#...........)).####


You could see an orc priest.

Vanquished Creatures
  A water moccasin (D:3)
  Ijyb (D:3)
  An orc wizard (D:3)
  A gnoll (D:3)
  2 worms
  3 dart slugs
  4 orcs (D:3)
  7 bats
  3 endoplasms (D:1)
  2 giant cockroaches (D:1)
  4 goblins
  3 hobgoblins (D:1)
  A kobold (D:1)
  4 ball pythons
  2 frilled lizards (D:1)
  6 rats
45 creatures vanquished.

Vanquished Creatures (others)
  An adder (D:3)
1 creature vanquished.

Grand Total: 46 creatures vanquished

Notes
Turn   | Place    | Note
-------+----------+-------------------------------------------
     0 | D:1      | H0rd4k the Octopode Artificer began the quest for the Orb.
     0 | D:1      | Reached XP level 1. HP: 13/13 MP: 1/1
   373 | D:1      | Reached XP level 2. HP: 9/18 MP: 1/3
   374 | D:1      | Reached skill level 1 in Spellcasting
   901 | D:1      | Reached XP level 3. HP: 24/24 MP: 3/5
  1013 | D:2      | Reached skill level 1 in Unarmed Combat
  1659 | D:2      | Found an opulent altar of Gozag.
  1729 | D:2      | Became a worshipper of Gozag Ym Sagoz the Greedy
  2299 | D:3      | Found an opulent altar of Gozag.
  2313 | D:3      | Found Gafutoc's Magic Scroll Shop.
  2317 | D:3      | Reached XP level 4. HP: 28/29 MP: 6/6
  2340 | D:3      | Noticed Ijyb
  2344 | D:3      | Killed Ijyb
  2496 | D:3      | Reached XP level 5. HP: 35/35 MP: 8/8
  2517 | D:3      | Found a glowing silver altar of Zin.
  2554 | D:3      | Noticed a water moccasin
  2561 | D:3      | Killed a water moccasin
  2562 | D:3      | Reached XP level 6. HP: 33/41 MP: 9/9
  2684 | D:3      | Found an ancient bone altar of Kikubaaqudgha.
  2721 | D:3      | HP: 2/41 [poisoned by an adder]
  2722 | D:3      | Gained mutation: You are partially covered in iridescent
                  | scales. (AC +2) [potion of mutation]
  2722 | D:3      | Gained mutation: You are mostly covered in iridescent
                  | scales. (AC +4) [potion of mutation]
  2722 | D:3      | Gained mutation: You have very sharp teeth. [potion of
                  | mutation]
  2722 | D:3      | Gained mutation: You are agile. (Dex +4, Str/Int -1)
                  | [potion of mutation]
  2725 | D:3      | Succumbed to an adder's poison

Illustrated notes

Levels and vault maps discovered:
D:1:      eino_arrival_druids_welcome, layout_rooms,
          chequers_serial_rivers_room_b
D:2:      layout_basic, basic_altar
D:3:      layout_basic, mainiacjoe_overflow_big_doors,
          mainiacjoe_overflow_catwalk, serial_shops, shop, uniq_ijyb

Skill      XL: |  1  2  3  4  5 |
---------------+----------------+-----
Spellcasting   | 1 2 |  2.6
Unarmed Combat | 1 2 3 |  3.6
Fighting       | 2 |  2.9
Dodging        | |  2.3
Stealth        | |  1.3
Evocations     | |  3.2

Action                   |  1- 3 |  4- 6 || total
-------------------------+-------+-------++-------
Melee: Unarmed           |    85 |    15 ||   100
       Tentacles         |    25 |     2 ||    27
       Constrict         |    24 |     3 ||    27
Evoke: Wand              |     2 |    15 ||    17
  Use: Potion            |       |     2 ||     2
 Stab: Sleeping          |     4 |       ||     4
       Distracted        |       |     1 ||     1
Armor: Skin              |     8 |     3 ||    11
Dodge: Dodged            |    52 |    13 ||    65
